 Dungeon Crawl Stone Soup version 0.28-a0-1395-g4f6bc678fa (webtiles) character file.

Game seed: 14884309058309850875

120 eustatius the Chiller (level 4, 0/33 HPs)
             Began as a Draconian Ice Elementalist on Jan 5, 2022.
             Was a Believer of Zin.
             Slain by a bat (1 damage)
             ... summoned by Eustachio
             ... on level 3 of the Dungeon.
             The game lasted 00:13:58 (3083 turns).

eustatius the Chiller (Draconian Ice Elementalist)  Turns: 3083, Time: 00:13:59

Health: 0/33       AC:  6    Str: 11      XL:     4   Next: 75%
Magic:  4/7        EV: 12    Int: 18      God:    Zin [**....]
Gold:   128        SH:  0    Dex: 12 (13) Spells: 3/7 levels left

rFire   . . .      SeeInvis +   e - +1 dagger (venom)
rCold   . . .      Faith    .   (no shield)
rNeg    + . .      Spirit   .   (armour unavailable)
rPois   ∞          Reflect  .   (helmet restricted)
rElec   .          Harm     .   (no cloak)
rCorr   .          Rampage  .   m - +0 pair of gloves
Will    .....                   (no boots)
Stlth   ++........              (no amulet)
HPRegen 0.11/turn               b - ring of positive energy
MPRegen 0.10/turn               c - ring of see invisible

@: vitalised
A: AC +5, unfitting armour, cold-blooded
a: Renounce Religion, Recite, Vitalisation, Donate Gold


You were on level 3 of the Dungeon.
You worshipped Zin.
Zin was pleased with you.
You visited 1 branch of the dungeon, and saw 4 of its levels.

You collected 153 gold pieces.
You donated 25 gold pieces to Zin.

Inventory:

Hand Weapons
 e - a +1 dagger of venom (weapon)
 f - a +0 flail
 i - a +0 hunting sling
 n - a +0 short sword of draining
Missiles
 j - 51 stones
Armour
 m - a +0 pair of gloves (worn)
Magical Staves
 h - a staff of conjuration
Jewellery
 b - a ring of positive energy (left hand)
 c - a ring of see invisible (right hand)
Scrolls
 d - 3 scrolls of identify
 g - a scroll of noise {unknown}
 l - a scroll of fog {unknown}
 o - a scroll of enchant weapon {unknown}
Potions
 a - a potion of mutation {unknown}
 k - 2 potions of heal wounds {unknown}


   Skills:
 + Level 2.0 Dodging
 - Level 1.7 Stealth
 - Level 2.0 Spellcasting
 * Level 6.1 Ice Magic


You had 3 spell levels left.
You knew the following spells:

 Your Spells              Type           Power      Damage    Failure   Level
a - Freeze                Ice            92%        1d10      1%          1
b - Frozen Ramparts       Ice            46%        1d6       4%          3

Your spell library contained the following spells:

 Spells                   Type           Power      Damage    Failure   Level
 Ozocubu's Armour         Ice            23%        N/A       4%          3
 Hailstorm                Conj/Ice       12%        3d5       45%         4


Dungeon Overview and Level Annotations

Branches:
Dungeon (4/15)
 Temple: D:4-7

Altars:
Zin

Annotations:
D:3 Eustachio


Innate Abilities, Weirdness & Mutations

Your plain brown scales are hard. (AC +5)
You cannot fit into any form of body armour.
You are cold-blooded and may be slowed by cold attacks.


Message History

The bat closely misses you. The bat barely misses you.
The bat completely misses you. The bat hits you but does no damage.
The bat barely misses you. The bat closely misses you. The bat hits you.
* * * LOW HITPOINT WARNING * * *
The bat hits you but does no damage. x2
The bat completely misses you. The bat barely misses you.
The bat closely misses you. The bat hits you but does no damage. x2
Casting: Freeze (safe; 1% risk of failure)
Confirm with . or Enter, or press ? or * to list all spells.
You don't know that spell.
Casting: Freeze (safe; 1% risk of failure)
Confirm with . or Enter, or press ? or * to list all spells.
Aiming: Freeze (safe; 1% risk of failure)
Press: ? - help, Shift-Dir - straight line, f - bat, p - river rat
Aim: a bat (summoned)
You freeze the bat.
You kill the bat!
The bat's corpse disappears in a puff of smoke!
The bat hits you but does no damage. The bat hits you but does no damage.
The bat barely misses you. The quasit misses you.
The quasit closely misses you. x2; The bat hits you.
* * * LOW HITPOINT WARNING * * *
You barely miss the quasit. The bat hits you but does no damage.
The bat completely misses you. The quasit bites you.
* * * LOW HITPOINT WARNING * * *
The quasit claws you.
* * * LOW HITPOINT WARNING * * *
You feel clumsy. The quasit closely misses you.
You closely miss the quasit. The bat closely misses you.
The quasit barely misses you.
The quasit claws you but does no damage. x2
The bat hits you but does no damage. Zin grants you divine stamina.
The quasit disappears in a puff of smoke!
The bat hits you but does no damage. The bat hits you.
You die...

...# #r# ###### #.####...... ...#
#.# #.#.........
######r###############.#.#######.
#.......##...........#.....###.
#.##....##.###############.#...
#.##....##.#r..............#...
#.##....##..b§#r#...#####..#...
#.########.####b#....#.....#...
#.########...§@.#.#..#.#...#...
#.......##..#####)#..#.#...#...
#.5.....##..# #.#..#.#...#...
#.......##..# #.#<.#.#...#...
#...@r..###r#####.#.##.#...#...
#.......# #....b#.#.[..#...####
#......5#######.#.######...#
#......@'5rb.b.............#
##.....5#######.^..........#


You could see a river rat (summoned) and a bat (summoned).

Vanquished Creatures
  3 gnolls (D:3)
  4 adders
  A worm (D:3)
  A dart slug (D:2)
  6 orcs (D:3)
  2 ball pythons
  2 endoplasms (D:3)
  4 giant cockroaches
  5 goblins (D:2)
  5 hobgoblins
  A quokka (D:1)
  2 bats
  2 frilled lizards
  6 kobolds
  3 rats
47 creatures vanquished.

Notes
Turn   | Place    | Note
-------+----------+-------------------------------------------
     0 | D:1      | eustatius the Draconian Ice Elementalist began the quest
                  | for the Orb.
     0 | D:1      | Reached XP level 1. HP: 14/14 MP: 3/3
    29 | D:1      | Found a faded altar of an unknown god.
    29 | D:1      | Noticed a smoke demon
    40 | D:1      | Prayed at the altar of an unknown god.
    40 | D:1      | Became a worshipper of Zin the Law-Giver
    40 | D:1      | Reached * piety under Zin
   353 | D:1      | Donated 10 gold pieces to Zin
   482 | D:1      | Reached XP level 2. HP: 20/20 MP: 3/5
  1394 | D:2      | Reached XP level 3. HP: 26/26 MP: 4/6
  1554 | D:2      | Reached skill level 5 in Ice Magic
  1590 | D:2      | Learned a level 3 spell: Frozen Ramparts
  2207 | D:3      | Reached XP level 4. HP: 33/33 MP: 4/7
  2581 | D:3      | Reached ** piety under Zin
  2751 | D:3      | Reached skill level 6 in Ice Magic
  2991 | D:4      | Noticed Eustachio
  3081 | D:3      | HP: 1/33 [quasit[Eustachio] (2)]
  3083 | D:3      | Slain by a bat

Illustrated notes

Levels and vault maps discovered:
D:1:      grunt_arrival_crossed_arrows, layout_loops_cross,
          dreamdust_ecumenical_altar_sealed_demon, minmay_misc_feat_pillars,
          dk_noncrumbling_3
D:2:      layout_loops_ring, minmay_goblin_outpost
D:3:      layout_basic
D:4:      layout_loops_corners, uniq_eustachio, uniq_edmund, uniq_ijyb,
          uniq_robin

Skill      XL: |  1  2  3  4 |
---------------+-------------+-----
Ice Magic      | 5 6 |  6.1
Dodging        | 2 |  2.0
Stealth        | |  1.7
Spellcasting   | |  2.0

Action                   |  1- 3 |  4- 6 || total
-------------------------+-------+-------++-------
Melee: Dagger            |    20 |    32 ||    52
       Tailslap          |     2 |     2 ||     4
       Unarmed           |     1 |       ||     1
       Staff             |     2 |       ||     2
 Cast: Freeze            |    36 |    25 ||    61
       Frozen Ramparts   |     1 |     1 ||     2
Invok: Donate Gold       |     1 |       ||     1
       Vitalisation      |       |     1 ||     1
  Use: Scroll            |     1 |       ||     1
       Potion            |     1 |       ||     1
 Stab: Sleeping          |       |     1 ||     1
Armor: Skin              |    13 |    21 ||    34
Dodge: Dodged            |    32 |    60 ||    92

Table legend: (Time is in decaauts)
 A = Elapsed time spent in this place.
 B = Non-inter-level travel time spent in this place.
 C = Inter-level travel time spent in this place.
 D = Time resting spent in this place.
 E = Time spent auto-exploring this place.
 F = Levels seen in this place.
 G = Mean time per level.
                   A        B        C        D        E       F      G
               +--------+--------+--------+--------+--------+-----+--------+
         Total |   3065 |   2815 |    250 |    254 |   1802 |   4 |  766.2 |
       Dungeon |   3065 |   2815 |    250 |    254 |   1802 |   4 |  766.2 |
               +--------+--------+--------+--------+--------+-----+--------+

Top non-repeatable levels by time:
     D:3: 1295 daAuts
     D:2: 917 daAuts
     D:1: 845 daAuts
     D:4: 7 daAuts
